 Dungeon Crawl Stone Soup version 0.21.1-1-g345015f (webtiles) character file.

138 wilfster70 the Magician (level 5, -2/45 HPs)
             Began as a Troll Wizard on Mar 1, 2018.
             Slain by a worker ant (4 damage)
             ... on level 3 of the Dungeon.
             The game lasted 00:08:14 (2013 turns).

wilfster70 the Magician (Troll Wizard)              Turns: 2013, Time: 00:08:14

Health: -2/45      AC:  5    Str: 15    XL:     5   Next: 1%
Magic:  7/7        EV:  9    Int: 15    God:
Gold:   135        SH:  0    Dex:  8    Spells: 8/9 levels left

rFire    . . .     SeeInvis .     - Unarmed
rCold    . . .     Gourm    +   (no shield)
rNeg     . . .     Faith    .   a - +0 robe
rPois    .         Spirit   .   b - +0 hat
rElec    .         Reflect  .   (no cloak)
rCorr    .         Harm     .   (gloves unavailable)
MR       .....                  (boots unavailable)
Stlth    +.........             (no amulet)
HPRegen  0.55/turn              (no ring)
MPRegen  0.10/turn              (no ring)

@: lethally poisoned (-2 -> -2)
A: large, unfitting armour, claws 3, fast metabolism 3, gourmand, regeneration
1, shaggy fur 1, tough skin 2
a: no special abilities


You were on level 3 of the Dungeon.
You were very full.

You visited 1 branch of the dungeon, and saw 3 of its levels.

You collected 135 gold pieces.

Inventory:

Armour
 a - a +0 robe (worn)
 b - a +0 hat (worn)
Wands
 j - a wand of acid (11)
Scrolls
 e - 2 scrolls of enchant armour {unknown}
 f - 2 scrolls of identify
 h - a scroll of remove curse
 i - a scroll of amnesia {unknown}
 k - a scroll of blinking {unknown}
Potions
 g - a potion of magic
 l - a potion of mutation {unknown}
 m - a potion of ambrosia
Books
 c - a book of Minor Magic

   Spells                             Type                      Level
   a - Magic Dart                     Conjuration                  1
   b - Blink                          Translocation                2
   c - Call Imp                       Summoning                    2
   d - Slow                           Hexes                        2
   e - Conjure Flame                  Conjuration/Fire             3
   f - Mephitic Cloud                 Conjuration/Poison/Air       3
Comestibles
 d - 7 rations


   Skills:
 - Level 1.5 Dodging
 - Level 1.0 Stealth
 + Level 2.5 Unarmed Combat
 + Level 2.6 Spellcasting
 + Level 2.0 Conjurations
   Level 0.6 Summonings
   Level 0.6 Translocations


You had 8 spell levels left.
You knew the following spells:

 Your Spells              Type           Power        Failure   Level  Hunger
a - Magic Dart            Conj           #...         9%          1    #......


Dungeon Overview and Level Annotations

Branches:
Dungeon (3/15)

Altars:


Innate Abilities, Weirdness & Mutations

You are too large for most types of armour.
You have claws for hands.
Your metabolism is lightning-fast.
You like to eat raw meat.
Your natural rate of healing is unusually fast.
You are covered in fur. (AC +1)
You have very tough skin. (AC +2)


Message History

The worker ant bites you.
You scratch the worker ant but do no damage.
The worker ant is almost dead.
You feel sick.
The worker ant bites you but does no damage.
The worker ant bites you.
* * * LOW HITPOINT WARNING * * *
You barely miss the worker ant.
The worker ant is almost dead.
You feel sick. The worker ant bites you.
* * * LOW HITPOINT WARNING * * *
Okay, then.
You closely miss the worker ant.
The worker ant is almost dead.
The worker ant bites you!
* * * LOW HITPOINT WARNING * * *
You closely miss the worker ant.
The worker ant is almost dead.
You feel sick. The worker ant bites you.
You die...

....... ....... .......
.....# #### .....# ...#
.....#
...################.....#.
...'............@ag.......
...################.......
...# #... .......
.>.####.###########.#.....
...'...................>..
...####.###.#########.#.###
.....##.# #.# #.#........
.....##.# #.# #.#..##.#.###
##...##.#
#.#########.##..#.#.#..


You could see a worker ant and a hobgoblin.

Vanquished Creatures
  Jessica (D:2)
  5 gnolls
  An adder (D:3)
  An ooze (D:1)
  A worm (D:2)
  A dart slug (D:1)
  5 ball pythons
  4 giant cockroaches
  5 goblins
  5 hobgoblins
  7 kobolds
  5 bats
  2 frilled lizards
  4 rats
47 creatures vanquished.

Notes
Turn   | Place    | Note
-------+----------+-------------------------------------------
     0 | D:1      | wilfster70 the Troll Wizard began the quest for the Orb.
     0 | D:1      | Reached XP level 1. HP: 16/16 MP: 2/2
     1 | D:1      | Noticed a merfolk zombie
     3 | D:1      | Noticed a ghoul
     7 | D:1      | Noticed a minotaur zombie
    14 | D:1      | Noticed a vine stalker
   175 | D:1      | Reached skill level 1 in Conjurations
   180 | D:1      | Reached XP level 2. HP: 23/24 MP: 4/4
   221 | D:1      | Reached skill level 1 in Unarmed Combat
   498 | D:1      | Reached XP level 3. HP: 31/31 MP: 5/5
  1101 | D:2      | Noticed Jessica
  1108 | D:2      | Killed Jessica
  1108 | D:2      | Reached XP level 4. HP: 28/39 MP: 6/6
  1811 | D:3      | Reached XP level 5. HP: 29/45 MP: 7/7
  2013 | D:3      | HP: 2/45 [poisoned by a worker ant]
  2013 | D:3      | Slain by a worker ant

Skill      XL: |  1  2  3  4 |
---------------+-------------+-----
Conjurations   | 1 2 |  2.0
Unarmed Combat | 1 2 |  2.5
Dodging        | |  1.5
Stealth        | |  1.0
Spellcasting   | |  2.6
Summonings     | |  0.6
Translocations | |  0.6

Action                   |  1- 3 |  4- 6 || total
-------------------------+-------+-------++-------
Melee: Unarmed           |   101 |    47 ||   148
 Cast: Magic Dart        |       |     2 ||     2
  Use: Scroll            |     3 |     1 ||     4
 Stab: Sleeping          |     2 |       ||     2
  Eat: Chunk             |    15 |     8 ||    23
Armor: Robe              |    35 |     7 ||    42
Dodge: Dodged            |    40 |    20 ||    60
